 Dungeon Crawl Stone Soup version 0.28.0-53-g5a82cb258f (webtiles) character file.

Game seed: 8525131864251659986

134 Gabide the Ducker (level 5, -1/42 HPs)
             Began as a Human Monk on June 1, 2022.
             Succumbed to a water moccasin's poison
             ... on level 3 of the Dungeon.
             The game lasted 00:03:22 (2577 turns).

Gabide the Ducker (Human Monk)                      Turns: 2577, Time: 00:03:22

Health: -1/42      AC:  6    Str: 12    XL:     5   Next: 40%
Magic:  5/5        EV: 13    Int: 10    God:
Gold:   103        SH:  0    Dex: 17    Spells: 4/4 levels left

rFire   . . .      SeeInvis .   a - +1 spear
rCold   . . .      Faith    .   (no shield)
rNeg    . . .      Spirit   .   d - +1 leather armour
rPois   .          Reflect  .   h - +2 hat
rElec   .          Harm     .   (no cloak)
rCorr   .          Rampage  .   (no gloves)
Will    .....                   (no boots)
Stlth   ++........              (no amulet)
HPRegen 0.14/turn               l - ring of wizardry
MPRegen 0.09/turn               (no ring)

@: lethally poisoned (-1 -> -19), weak-willed, invisible (expiring)
A: no striking features
a: no special abilities


You were on level 3 of the Dungeon.
You visited 1 branch of the dungeon, and saw 3 of its levels.

You collected 103 gold pieces.

Inventory:

Hand Weapons
 a - a +1 spear (weapon)
Missiles
 p - 12 poisoned darts (quivered)
Armour
 b - a +0 robe
 d - a +1 leather armour (worn)
 h - a +2 hat (worn)
Jewellery
 l - a ring of wizardry (left hand)
Scrolls
 g - 2 scrolls of identify
Potions
 k - 2 potions of flight
 r - a potion of might {unknown}
 s - a potion of haste {unknown}


   Skills:
 + Level 4.1 Fighting
 + Level 4.0 Polearms
 + Level 4.1 Dodging
 - Level 2.0 Stealth


You had 4 spell levels left.
You didn't know any spells.
Your spell library was empty.

Dungeon Overview and Level Annotations

Branches:
Dungeon (3/15)

Altars:
Qazlal

Shops:
D:1 (   D:2 (


Message History

The water moccasin is heavily wounded.
You feel very sick.
The water moccasin bites you but does no damage.
You closely miss the water moccasin.
The water moccasin is heavily wounded.
You feel sick. The water moccasin closely misses you.
It was a potion of invisibility.
You fade into invisibility!
You feel sick. The water moccasin bites you.
The water moccasin barely misses you.
You hit the water moccasin.
The water moccasin is severely wounded.
You feel sick.
The water moccasin bites you but does no damage.
You barely miss the water moccasin.
The water moccasin is severely wounded.
You feel sick. The water moccasin closely misses you.
You completely miss the water moccasin.
The water moccasin is severely wounded.
You feel sick.
Reach: a) +1 spear
Press: ? - help, Dir - move target, f/p - water moccasin
Aim: a water moccasin (severely wounded, wandering, weak-willed, hasn't noticed you, about 48% to evade your +1 spear)
You reach to attack!
You hit the water moccasin but do no damage.
The water moccasin is severely wounded.
You feel sick. The water moccasin misses you.
You feel sick.
You feel sick.
You are no longer poisoned.
The water moccasin closely misses you.
There is an open door here.
You flicker for a moment.
The water moccasin bites you.
* * * LOW HITPOINT WARNING * * *
You are lethally poisoned!
The water moccasin poisons you!
You barely miss the water moccasin.
The water moccasin is severely wounded.
You die...

#<........ +..........
#.(.........###### #.
#.#+######........ #.#
#.# ........ #.# #.#
#............. #.# #.#
+.............
#.####S###>......######
#.....@.##.......# #
#........#.......# #
#....(...#.......# #
#........#.....†.# #
##.......+.......######
#####.###...........#
#.# #...........#
#.###...........#
####...####........##


You could see a water moccasin (weak-willed).

Vanquished Creatures
  A scorpion (D:2)
  2 adders (D:2)
  6 ball pythons
  8 endoplasms
  3 giant cockroaches
  6 goblins
  5 hobgoblins
  3 jackals (D:1)
  A quokka (D:2)
  2 bats
  2 frilled lizards
  5 kobolds
  3 rats
47 creatures vanquished.

Notes
Turn   | Place    | Note
-------+----------+-------------------------------------------
     0 | D:1      | Gabide the Human Monk began the quest for the Orb.
     0 | D:1      | Reached XP level 1. HP: 18/18 MP: 1/1
   124 | D:1      | Reached XP level 2. HP: 15/24 MP: 2/2
   553 | D:1      | Found a faded altar of an unknown god.
   655 | D:1      | Reached XP level 3. HP: 24/29 MP: 3/3
   738 | D:1      | Found Iriqikk's Weapon Emporium.
  1313 | D:2      | Found Lasy's Weapon Boutique.
  1675 | D:2      | Reached XP level 4. HP: 28/36 MP: 4/4
  1891 | D:2      | Noticed a scorpion
  1895 | D:2      | Killed a scorpion
  1896 | D:2      | Reached XP level 5. HP: 42/42 MP: 5/5
  2255 | D:3      | Noticed an air elemental
  2256 | D:3      | Found a stormy altar of Qazlal.
  2405 | D:3      | Noticed a fire elemental
  2406 | D:3      | Noticed a water elemental
  2531 | D:3      | Noticed a water moccasin
  2577 | D:3      | Succumbed to a water moccasin's poison

Illustrated notes

Levels and vault maps discovered:
D:1:      lightli_arrival_quake, layout_basic, serial_shops, shop,
          nicolae_ecumenical_lake_church
D:2:      minmay_inner_zag, layout_basic, serial_shops, shop, kennysheep_path_1,
          minmay_misc_feat_iff, guppyfry_early_lair_pool
D:3:      layout_basic, nicolae_overflow_hidden_temple,
          nicolae_qazlal_style_of_elements

Skill      XL: |  1  2  3  4 |
---------------+-------------+-----
Fighting       | 4 |  4.1
Polearms       | 4 |  4.0
Dodging        | 4 |  4.1
Stealth        | |  2.0

Action                   |  1- 3 |  4- 6 || total
-------------------------+-------+-------++-------
Melee: Spear             |   132 |    62 ||   194
Throw: Dart              |       |     5 ||     5
       Throwing net      |       |     1 ||     1
  Use: Scroll            |       |     5 ||     5
       Potion            |       |     4 ||     4
 Stab: Sleeping          |    11 |     1 ||    12
Armor: Robe              |     2 |       ||     2
       Leather armour    |    22 |    16 ||    38
Dodge: Dodged            |    57 |    38 ||    95
